 Dungeon Sprint DCSS version 0.21.0-25-ge575cb9 (webtiles) character file.

121 wojtek the Cleaver (level 4, -8/66 HPs)
             Began as a Minotaur Berserker on Jan 26, 2018.
             Was a Priest of Trog.
             Mangled by an orange demon (13 damage)
             ... summoned by a kobold demonologist
             ... in the Dungeon (Sprint III: "The Ten Rune Challenge").
             The game lasted 00:00:36 (255 turns).

wojtek the Cleaver (Minotaur Berserker)              Turns: 255, Time: 00:00:36

Health: -8/66      AC:  2    Str: 28    XL:     4   Next: 77%
Magic:  3/3        EV: 14    Int:  4    God:    Trog [***...]
Gold:   14         SH:  0    Dex:  9    Spells: 3/3 levels left

rFire    . . .     SeeInvis .   a - +0 hand axe
rCold    . . .     Gourm    .   (no shield)
rNeg     . . .     Faith    .   b - +0 animal skin
rPois    .         Spirit   .   (helmet restricted)
rElec    .         Reflect  .   (no cloak)
rCorr    .         Harm     .   (no gloves)
MR       .....     NoTele   +   (no boots)
Stlth    ..........             (no amulet)
HPRegen  0.21/turn              (no ring)
MPRegen  0.08/turn              (no ring)

@: berserking, lethally poisoned (-8 -> -38), very quick
A: retaliatory headbutt, horns 2
a: Berserk, Trog's Hand, Burn Spellbooks, Renounce Religion


You were in the Dungeon.
You worshipped Trog.
Trog was most pleased with you.
You were not hungry.

You visited 1 branch You collected 14 gold pieces.

Inventory:

Hand Weapons
 a - a +0 hand axe (weapon)
Armour
 b - a +0 animal skin (worn)
Scrolls
 i - a scroll of blinking
 k - 3 scrolls of immolation {unknown}
 l - 2 scrolls of remove curse {unknown}
 n - a scroll of identify {unknown}
Potions
 d - a potion of curing
 e - a potion of heal wounds
 f - a potion of haste
 g - 2 potions of magic
 h - a potion of berserk rage
 m - 2 potions of flight {unknown}
 o - 6 potions of mutation
Comestibles
 c - 3 rations
 j - a chunk of flesh


   Skills:
 + Level 6.2 Fighting
 * Level 8.1 Axes
 + Level 5.5 Armour
 + Level 5.1 Dodging


You had 3 spell levels left.
You didn't know any spells.

Dungeon Overview and Level Annotations

Branches:
Dungeon (1/1)

Altars:
Kikubaaqudgha
Sif Muna
Vehumet


Innate Abilities, Weirdness & Mutations

You reflexively headbutt those who attack you in melee.
You have a pair of horns on your head.


Message History

You feel yourself moving faster!
You feel mighty!
You feel quite a bit more hungry.
You feel very sick.
The smoke demon hits you but does no damage. x2
The smoke demon hits you.
* * * LOW HITPOINT WARNING * * *
The orange demon stings you.
* * * LOW HITPOINT WARNING * * *
The orange demon barely misses you.
The kobold demonologist hits you with a dagger.
* * * LOW HITPOINT WARNING * * *
You barely miss the kobold demonologist.
Your headbutt misses the kobold demonologist.
You barely miss the orange demon. You slash the smoke demon!
* * * LOW HITPOINT WARNING * * *
You feel sick. The smoke demon hits you.
* * * LOW HITPOINT WARNING * * *
The smoke demon barely misses you. The smoke demon closely misses you.
The orange demon stings you!
You die...

.#......#####..#
##.......#..#..#
.##.##...#..#..###+#+###
.##.###..##'#..#........
####.##..###...'.⌠......
##..##..####...#...####
....##..###....#.⌠.#
#..##...##.....#3..#
..##....#......#@###
.###..##.#.....#4K5# .#
#.. ####....#55_# ▓▓ ▓▓▓
▓▓▓▓▓▓▓▓▓▓


You could see an orange demon, a kobold demonologist, a smoke demon, 2 iron imps
and a crimson imp.

Vanquished Creatures
  A water elemental (D)
  A wizard (D)
  A human (D)
  A wolf (D)
  4 rats (D)
8 creatures vanquished.

Vanquished Creatures (others)
  2 draconian scorchers (D)
  6 hellions (D)
  A yaktaur (D)
9 creatures vanquished.

Grand Total: 17 creatures vanquished

Notes
Turn   | Place    | Note
-------+----------+-------------------------------------------
     0 | D        | wojtek the Minotaur Berserker began the quest for the Orb.
     0 | D        | Reached XP level 1. HP: 19/19 MP: 0/0
     9 | D        | Reached skill level 4 in Axes
    23 | D        | Reached ** piety under Trog
    38 | D        | Noticed a wolf
    42 | D        | Killed a wolf
    42 | D        | Reached skill level 5 in Axes
    42 | D        | Reached XP level 2. HP: 17/28 MP: 1/1
    42 | D        | Reached skill level 6 in Axes
    42 | D        | Reached XP level 3. HP: 21/35 MP: 2/2
    61 | D        | Killed a yaktaur
    82 | D        | Killed a hellion
    92 | D        | Killed a hellion
    97 | D        | Killed a hellion
    99 | D        | Killed a hellion
   135 | D        | Killed a hellion
   141 | D        | Killed a hellion
   142 | D        | Killed a white draconian scorcher
   167 | D        | Killed a white draconian scorcher
   200 | D        | Noticed a water elemental
   205 | D        | Killed a water elemental
   205 | D        | Reached *** piety under Trog
   205 | D        | Reached skill level 5 in Fighting
   205 | D        | Reached skill level 7 in Axes
   205 | D        | Reached skill level 5 in Armour
   205 | D        | Reached XP level 4. HP: 44/44 MP: 3/3
   247 | D        | Found a radiant altar of Vehumet.
   247 | D        | Found a deep blue altar of Sif Muna.
   247 | D        | Found an ancient bone altar of Kikubaaqudgha.
   247 | D        | Noticed a wizard
   250 | D        | Noticed an orange demon
   250 | D        | Killed a wizard
   250 | D        | Reached skill level 8 in Axes
   250 | D        | Reached skill level 5 in Dodging
   253 | D        | Noticed a smoke demon
   255 | D        | Mangled by an orange demon

Skill      XL: |  1  2  3  4 |
---------------+-------------+-----
Axes           | 5 6 7 8 |  8.1
Fighting       | 4 5 6 |  6.2
Armour         | 3 4 5 |  5.5
Dodging        | 3 4 5 |  5.1

Action                   |  1- 3 |  4- 6 || total
-------------------------+-------+-------++-------
Melee: Hand axe          |     9 |     6 ||    15
       Headbutt          |     2 |     1 ||     3
Invok: Berserk           |     2 |     1 ||     3
Armor: Animal skin       |       |     3 ||     3
Dodge: Dodged            |     6 |     6 ||    12
